 Dungeon Crawl Stone Soup version 0.18.1-1-g2f07953 (webtiles) character file.

27323 dobroeutro the Cleaver (level 13, -2/105 HPs)
             Began as a Minotaur Fighter on May 7, 2016.
             Slain by a porcupine (9 damage)
             ... on level 3 of the Lair of Beasts.
             The game lasted 00:30:39 (13718 turns).

dobroeutro the Cleaver (Minotaur Fighter)          Turns: 13718, Time: 00:30:40

Health: -2/105     AC: 12    Str: 23    XL:     13   Next: 3%
Magic:  13/13      EV: 15    Int:  5    God:
Gold:   962        SH: 18    Dex: 13    Spells: 0 memorised, 12 levels left

rFire  + . .     SeeInvis +     C - +6 spear of the Puffin {vamp, +Rage rN+}
rCold  + . .     Gourm    .     L - +2 ring mail {MR+}
rNeg   + . .     Faith    .     c - +0 shield
rPois  +         Spirit   .     (helmet restricted)
rElec  .         Dismiss  .     n - +1 cloak
rCorr  .         Reflect  +     (no gloves)
SustAt .         Harm     .     (no boots)
MR     +....                    M - +5 amulet of reflection
Stlth  +.........               Q - ring of poison resistance
                                s - ring of see invisible

@: somewhat resistant to hostile enchantments, very unstealthy
A: retaliatory headbutt, horns 2, blurry vision 1, cold resistance 1, fire
resistance 1, frail 1, high mp 1, mutation resistance 2, screaming 1, MP-powered
wands
a: Evoke Berserk Rage


You were on level 3 of the Lair of Beasts.
You were not hungry.

You visited 2 branches of the dungeon, and saw 16 of its levels.

You collected 962 gold pieces.

Inventory:

Hand Weapons
 C - the +6 spear of the Puffin (weapon) {vamp, +Rage rN+}
   (You found it on level 4 of the Dungeon)

   It inflicts no extra harm, but heals its wielder somewhat when it strikes a
   living foe.
   It protects you from negative energy.
   It lets you go berserk.
 P - a cursed -1 war axe
 S - a +2 hand axe of flaming
Armour
 c - a +0 shield (worn)
 n - a +1 cloak (worn)
 x - a +0 chain mail
 L - a +2 ring mail of magic resistance (worn)
Jewellery
 s - a ring of see invisible (left hand)
 F - an uncursed ring of ice
 M - a +5 amulet of reflection (around neck)
 Q - a ring of poison resistance (right hand)
 R - a cursed amulet of inaccuracy {unknown}
 Y - an uncursed amulet of guardian spirit {unknown}
Wands
 a - a wand of flame (31/48)
 l - a wand of digging (20/24)
 J - a wand of slowing (24/48)
 K - a wand of teleportation (4/9)
 T - a wand of disintegration (6/24)
 V - a wand of confusion (20/48)
Scrolls
 g - 2 scrolls of blinking
 m - 9 scrolls of remove curse
 q - 3 scrolls of immolation
 u - 2 scrolls of fear
 y - 2 scrolls of fog
 A - 3 scrolls of recharging
 B - a scroll of noise
 G - a scroll of enchant armour
 H - 2 scrolls of torment
 I - 2 scrolls of magic mapping
 N - 4 scrolls of teleportation
 X - a scroll of random uselessness
Potions
 b - a potion of cure mutation
 d - 7 potions of might
 e - 2 potions of agility
 h - 2 potions of haste
 i - 6 potions of heal wounds
 j - 3 potions of lignification
 o - 4 potions of curing
 p - 3 potions of flight
 r - 3 potions of degeneration
 t - 2 potions of mutation
 D - a potion of berserk rage
 O - 2 potions of brilliance
 U - a potion of experience
 W - 2 potions of ambrosia
Comestibles
 f - 4 bread rations
 v - 7 meat rations
 w - 8 beef jerkies
 z - 8 slices of pizza
 E - 16 fruits


   Skills:
 + Level 11.8 Fighting
 + Level 14.6 Axes
 + Level 11.5 Armour
 + Level 10.0 Dodging
 + Level 11.2 Shields


You had 12 spell levels left.
You didn't know any spells.

Dungeon Overview and Level Annotations

Branches:
Dungeon (13/15)              Lair (3/8) D:10          Swamp (0/4) Lair:3
    Orc (0/2) D:9          Vaults (0/5) D:13
 Temple: D:4-7        Snake: Lair:3-6    Spider: Lair:3-6

Altars:
Kikubaaqudgha
Pakellas

Shops:
D:6 }


Innate Abilities, Weirdness & Mutations

You reflexively headbutt those who attack you in melee.
You have a pair of horns on your head.
Scrolls take you a little longer to read.
Your flesh is cold resistant.
Your flesh is heat resistant.
You are frail (-10% HP).
You have an increased reservoir of magic (+10% MP).
You are somewhat resistant to both further mutation and mutation removal.
You occasionally shout uncontrollably at your foes.
You expend magic power (3 MP) to strengthen your wands.


Message History

The giant leech is severely wounded.
The giant leech bites you.
You puncture the giant leech!
You feel better.
Your headbutt misses the giant leech.
The giant leech is almost dead.
The giant leech bites you!
* * * LOW HITPOINT WARNING * * *
Your shield prevents you from hitting the giant leech.
The giant leech is almost dead.
You block the giant leech's attack.
You hit the giant leech.
You feel better.
Your headbutt misses the giant leech.
The giant leech is almost dead.
The giant leech bites you!!
* * * LOW HITPOINT WARNING * * *
The giant leech bites you but does no damage.
A porcupine comes into view.
The porcupine misses you. You block the porcupine's attack.
The porcupine bites you!
You die...

#....###.......
#...###..#.....
#........###..# ###
###...#........
#.#####†.#PP....#....
##..<..†.........##..
#...............##.#.
##.................#.
##..@†...............
#....r...............
#...............##...
#P..............###..
#...............#*#.#
##...............####
#....w..........##..#
###.##w....#.#.#.#...
####......#.##.##..


You could see 2 giant leeches and a porcupine.

Vanquished Creatures
  2 hydras
  A centaur warrior (D:13)
  Urug (D:13)
  6 hill giants
  A phantasmal warrior (D:13)
  A deep elf mage (D:13)
  3 ugly things (D:12)
  A cyclops (D:10)
  3 black mambas
  2 spiny frogs (Lair:2)
  A komodo dragon (Lair:1)
  3 two-headed ogres
  A troll (D:13)
  6 blink frogs
  Sigmund (D:3)
  Eustachio (D:4)
  A basilisk (Lair:1)
  A wyvern (D:11)
  19 yaks
  4 hippogriffs
  2 hungry ghosts
  Menkaure (D:5)
  2 vampire mosquitoes (D:13)
  4 wargs (D:9)
  Edmund (D:5)
  4 porcupines
  5 water moccasins
  2 black bears (D:8)
  5 ice beasts
  6 orc warriors
  4 sky beasts
  A necrophage (D:8)
  An eye of draining (D:13)
  A wasp (D:9)
  3 phantoms
  12 ogres
  3 wolves (Lair:1)
  11 centaurs
  6 crocodiles
  3 big kobolds (D:11)
  9 giant frogs
  A gnoll sergeant (D:10)
  4 scorpions
  9 killer bees (D:7)
  7 wights (D:12)
  6 howler monkeys
  An electric eel (Lair:1)
  A giant frog zombie (D:6)
  3 centaur zombies
  5 crimson imps
  3 jellies
  4 quasits
  7 centaur skeletons
  5 orc priests
  A gnoll shaman (D:6)
  6 hounds
  A giant frog skeleton (D:6)
  9 iguanas
  Terence (D:3)
  9 orc wizards
  10 worker ants
  2 sheep (D:11)
  A hound zombie (D:10)
  A hound skeleton (D:4)
  A worker ant zombie (D:10)
  8 gnolls
  8 adders
  21 river rats
  4 shadow imps
  An ooze (D:4)
  An adder skeleton (D:10)
  3 worms
  3 dart slugs
  3 giant geckos
  35 orcs
  2 bat zombies (D:2)
  2 giant cockroaches (D:2)
  8 goblins
  5 hobgoblins
  9 jackals
  4 kobolds
  A quokka (D:3)
  2 ball pythons
  A bat (D:2)
  A giant gecko skeleton (D:4)
  3 giant newts
  A jackal zombie (D:6)
  A quokka skeleton (D:4)
  A quokka zombie (D:6)
  19 rats
  2 rat zombies (D:2)
392 creatures vanquished.

Vanquished Creatures (others)
  2 centaurs
2 creatures vanquished.

Grand Total: 394 creatures vanquished

Notes
Turn   | Place    | Note
--------------------------------------------------------------
     0 | D:1      | dobroeutro the Minotaur Fighter began the quest for the Orb.
     0 | D:1      | Reached XP level 1. HP: 19/19 MP: 0/0
    78 | D:1      | Reached skill level 3 in Axes
   116 | D:1      | You fall through a shaft!
   123 | D:2      | Reached XP level 2. HP: 23/26 MP: 1/1
   167 | D:2      | Found a faded altar to an unknown god.
   244 | D:2      | Reached skill level 4 in Axes
   244 | D:2      | Reached XP level 3. HP: 28/31 MP: 2/2
   925 | D:2      | Reached skill level 5 in Axes
  1190 | D:2      | Found an ancient bone altar of Kikubaaqudgha.
  1279 | D:2      | Reached XP level 4. HP: 39/39 MP: 3/3
  1349 | D:3      | Noticed Sigmund
  1351 | D:3      | Noticed Terence
  1369 | D:3      | Killed Sigmund
  1369 | D:3      | Reached skill level 7 in Axes
  1369 | D:3      | Reached XP level 5. HP: 10/45 MP: 4/4
  1377 | D:3      | Killed Terence
  1785 | D:3      | Noticed a two-headed ogre
  1798 | D:3      | Reached XP level 6. HP: 47/51 MP: 5/5
  1806 | D:3      | Killed a two-headed ogre
  1806 | D:3      | Reached skill level 9 in Axes
  2080 | D:4      | Noticed Eustachio
  2112 | D:4      | Killed Eustachio
  2112 | D:4      | Reached XP level 7. HP: 32/57 MP: 6/6
  2395 | D:4      | Reached skill level 10 in Axes
  2444 | D:4      | Got an encrusted spear
  2448 | D:4      | Identified the +6 spear of the Puffin {vamp, +Rage rN+} (You found it on level 4 of the Dungeon)
  2753 | D:5      | Entered Level 5 of the Dungeon
  2795 | D:5      | Noticed Menkaure
  2802 | D:5      | Killed Menkaure
  2802 | D:5      | Reached skill level 1 in Dodging
  2802 | D:5      | Reached XP level 8. HP: 38/66 MP: 7/7
  3041 | D:5      | Gained mutation: Scrolls take you a little longer to read. [mutagenic meat]
  3042 | D:5      | Gained mutation: You occasionally shout uncontrollably at your foes. [mutagenic meat]
  3043 | D:5      | Gained mutation: You expend magic power (3 MP) to strengthen your wands. [mutagenic meat]
  3044 | D:5      | Gained mutation: Your flesh is cold resistant. [mutagenic meat]
  3045 | D:5      | Gained mutation: You have an increased reservoir of magic (+10% MP). [mutagenic meat]
  3046 | D:5      | Gained mutation: You are somewhat resistant to further mutation. [mutagenic meat]
  3392 | D:5      | Noticed Edmund
  3405 | D:5      | Killed Edmund
  3552 | D:5      | Reached skill level 5 in Shields
  3698 | D:6      | Reached skill level 5 in Fighting
  3698 | D:6      | Reached skill level 5 in Armour
  3754 | D:6      | Reached skill level 11 in Axes
  3802 | D:6      | Found an oddly glowing altar of Pakellas.
  3892 | D:6      | Reached XP level 9. HP: 54/75 MP: 8/8
  4219 | D:6      | Found Ihirut's Gadget Shoppe.
  4720 | D:7      | Reached skill level 5 in Dodging
  5036 | D:7      | Gained mutation: You are frail (-10% HP). [mutagenic meat]
  5391 | D:8      | Reached XP level 10. HP: 61/77 MP: 10/10
  5566 | D:8      | Reached skill level 12 in Axes
  5952 | D:9      | Found a staircase to the Orcish Mines.
  7080 | D:9      | Got an ichor-stained dagger
  7259 | D:10     | Entered Level 10 of the Dungeon
  7355 | D:10     | Noticed a cyclops
  7370 | D:10     | Killed a cyclops
  7387 | D:10     | Found a staircase to the Lair.
  7431 | D:10     | Gained mutation: You are somewhat resistant to both further mutation and mutation removal. [mutagenic meat]
  7570 | D:10     | Noticed a hill giant
  7583 | D:10     | Killed a hill giant
  7583 | D:10     | Reached XP level 11. HP: 68/87 MP: 11/11
  7821 | D:11     | Noticed a three-headed hydra
  7829 | D:11     | Killed a three-headed hydra
  8061 | D:11     | Reached skill level 13 in Axes
  8089 | D:11     | Noticed a hill giant
  8099 | D:11     | Killed a hill giant
  8625 | D:12     | Noticed a purple ugly thing
  8647 | D:12     | Killed a purple ugly thing
  8738 | D:12     | Reached skill level 10 in Fighting
  9100 | D:12     | Noticed a white ugly thing
  9121 | D:12     | Killed a white ugly thing
  9123 | D:12     | Reached skill level 10 in Shields
  9393 | D:13     | Noticed a centaur warrior
  9402 | D:13     | Killed a centaur warrior
  9402 | D:13     | Reached skill level 10 in Armour
  9455 | D:13     | Noticed a cyan ugly thing
  9514 | D:12     | HP: 3/90 [cyan ugly thing (12)]
  9522 | D:12     | Killed a cyan ugly thing
  9522 | D:12     | Reached XP level 12. HP: 42/96 MP: 12/12
  9526 | D:12     | Gained mutation: Your flesh is heat resistant. [mutagenic meat]
  9564 | D:13     | Noticed Urug
  9911 | D:13     | Killed Urug
 10661 | D:13     | Found a gate to the Vaults.
 10686 | D:13     | Reached skill level 14 in Axes
 11358 | Lair:1   | Entered Level 1 of the Lair of Beasts
 13064 | Lair:2   | Noticed a four-headed hydra
 13079 | Lair:2   | Killed a four-headed hydra
 13518 | Lair:3   | Reached XP level 13. HP: 105/105 MP: 13/13
 13524 | Lair:3   | Reached skill level 10 in Dodging
 13673 | Lair:3   | Found a staircase to the Swamp.
 13699 | Lair:3   | HP: 2/105 [giant leech (24)]
 13718 | Lair:3   | Slain by a porcupine

Skill      XL: |  1  2  3  4  5  6  7  8  9 10 11 12 13 |
---------------+----------------------------------------+-----
Axes           | 3 4 5 7 9 10 11 12 13 14 | 14.6
Fighting       | 4 5 7 9 10 11 | 11.8
Armour         | 4 5 7 8 10 11 | 11.5
Dodging        | 1 3 5 7 8 9 10 | 10.0
Shields        | 4 5 7 8 10 11 | 11.2

Action                   |  1- 3 |  4- 6 |  7- 9 | 10-12 | 13-15 || total
-------------------------+-------+-------+-------+-------+-------++-------
Melee: War axe           |   127 |    61 |    34 |       |       ||   222
       Headbutt          |    14 |    10 |    65 |   256 |    11 ||   356
       Spear             |       |       |   313 |  1239 |    67 ||  1619
  Use: Scroll            |       |     1 |       |    23 |       ||    24
       Potion            |       |       |       |     3 |       ||     3
 Stab: Distracted        |       |       |       |     1 |       ||     1
  Eat: Chunk             |     1 |     2 |    23 |    21 |       ||    47
       Meat ration       |       |       |     1 |       |       ||     1
       Bread ration      |       |       |       |     4 |       ||     4
       Pizza             |       |       |       |     1 |       ||     1
Armor: Scale mail        |    67 |    12 |    26 |       |       ||   105
       Chain mail        |       |     3 |       |       |       ||     3
       Ring mail         |       |       |    30 |   126 |     4 ||   160
Dodge: Dodged            |    29 |    15 |    68 |   260 |    10 ||   382
Block: Shield            |    54 |    27 |   162 |   699 |    32 ||   974
       Reflection        |       |       |     2 |    30 |       ||    32
